AoeStats
← NDF

Arabia

504609037Analyzed
2v2 RM · 26d ago on Sep 5, 2026· 86m 57s· 4 players
Game mode
Random Map
Map size
Medium (4 player)
Population
200
Speed
Normal
Resources
Standard
Victory
Conquest
Starting age
Dark Age
Ending age
Imperial Age
RankedLock teamsTeams togetherTeam positionsShared explorationLock speedFull tech treeHidden civsTurbo modeCheats
Victory
Defeat
🇦🇷 Teutons · Argentina
704
+14
🇦🇷 Spanish · Argentina
703
+14
🇹🇷 Franks · Türkiye
678
-20
🇹🇷 Khmer · Türkiye
655
-15
็
0:57 Loom
12:39 Feudal Age
13:10 Double-Bit Axe
15:36 Gold Mining
15:37 Stone Mining
20:56 Castle Age
20:05 Forging
20:09 Scale Barding Armor
21:46 Bow Saw
22:24 Gold Shaft Mining
28:30 Husbandry
Par4normaL
12:19 Feudal Age
15:00 Horse Collar
15:10 Double-Bit Axe
18:24 Gold Mining
21:29 Castle Age
23:09 Bow Saw
23:40 Husbandry
23:52 Bloodlines
25:22 Scale Barding Armor
25:28 Forging
39:21 Tusk Swords
40:50 Chain Barding Armor
49:00 Iron Casting
48:33 Arson
49:58 Pikeman
50:48 Scale Mail Armor
54:31 Imperial Age
56:24 Halberdier
58:31 Chain Mail Armor
59:24 Blast Furnace
59:37 Padded Archer Armor
59:59 Elite Battle Elephant
75:25 Fervor
75:47 Illumination
NDF
3:21 Loom
12:42 Feudal Age
20:33 Castle Age
19:00 Double-Bit Axe
19:00 Horse Collar
19:55 Stone Mining
21:19 Crossbowman
22:10 Fletching
22:21 Padded Archer Armor
22:33 Forging
22:17 Gold Mining
22:47 Bow Saw
22:40 Heavy Plow
36:36 Imperial Age
46:45 Stone Shaft Mining
55:33 Arson
55:49 Squires
56:03 Pikeman
59:49 Wheelbarrow
63:35 Hand Cart
64:32 Scale Mail Armor
65:12 Town Watch
67:58 Capped Ram
69:34 Town Patrol
70:05 Halberdier
74:29 Two-Man Saw
74:19 Elite Teutonic Knight
75:16 Scale Barding Armor
80:41 Iron Casting
80:22 Chain Mail Armor
80:27 Chain Barding Armor
82:29 Hoardings
83:34 Sappers
84:29 Bloodlines
86:14 Bodkin Arrow
estebanpa
4:47 Loom
11:30 Feudal Age
12:12 Double-Bit Axe
12:08 Man-at-Arms
12:51 Gold Mining
14:42 Wheelbarrow
16:29 Horse Collar
20:09 Stone Mining
22:56 Castle Age
21:58 Scale Mail Armor
22:09 Forging
23:26 Scale Barding Armor
24:39 Stone Shaft Mining
24:23 Chain Mail Armor
24:45 Iron Casting
24:36 Chain Barding Armor
24:24 Squires
23:48 Pikeman
24:18 Gambesons
23:57 Long Swordsman
26:24 Chain Barding Armor
34:25 Imperial Age
38:01 Hoardings
37:15 Elite Conquistador
37:57 Inquisition
38:18 Supremacy
38:45 Redemption
39:44 Block Printing
39:59 Illumination
39:46 Fervor
44:37 Halberdier
46:58 Plate Mail Armor
47:29 Blast Furnace
47:05 Plate Barding Armor
52:46 Arson
52:23 Two-Handed Swordsman
60:32 Champion
65:37 Bloodlines
64:48 Light Cavalry
65:54 Husbandry
65:15 Cavalier
Connection lost

Rejoining the realm…

Still unreachable

The connection could not be restored.

Session expired

The server has moved on; the page needs a fresh start.